 Dungeon Crawl Stone Soup version 0.30-a0-996-ga6910c8ee8 (webtiles) character file.

Game seed: 9789707444634988622

208 Dirtsage the Chopper (level 5, 0/61 HPs)
             Began as a Demonspawn Berserker on Apr 4, 2023.
             Was a Believer of Trog.
             Succumbed to a scorpion's poison
             ... on level 4 of the Dungeon.
             The game lasted 00:03:00 (2854 turns).

Dirtsage the Chopper (Demonspawn Berserker)         Turns: 2854, Time: 00:03:01

Health: 0/61       AC:  7    Str: 20    XL:     5   Next: 55%
Magic:  5/5        EV: 11    Int:  8    God:    Trog [**....]
Gold:   122        SH:  0    Dex: 12    Spells: 4/4 levels left

rFire   . . .      SeeInvis .    a - +0 hand axe
rCold   . . .      Faith    .    (no shield)
rNeg    . . .      Spirit   .    l - +0 ring mail
rPois   .          Reflect  .    (no helmet)
rElec   .          Rampage  .    g - +0 cloak
rCorr   .                        s - +0 pair of gloves
Will    .....                    (no boots) Stlth
                                 (no amulet)
HPRegen 0.30/turn                (no ring)
MPRegen 0.18/turn                (no ring)

@: berserking, lethally poisoned (0 -> -11), very quick
A: hooves 1, magic regeneration
a: Renounce Religion, Berserk, Trog's Hand


You were on level 4 of the Dungeon.
You worshipped Trog.
Trog was pleased with you.
You visited 1 branch of the dungeon, and saw 4 of its levels.

You collected 122 gold pieces.

Inventory:

Hand Weapons
 a - a +0 hand axe (weapon)
Missiles
 k - 2 silver javelins (quivered)
 p - a throwing net
 q - 4 curare-tipped darts
Armour
 b - a +0 animal skin
 g - a +0 cloak (worn)
 l - a +0 ring mail (worn)
 s - a +0 pair of gloves (worn)
Scrolls
 e - a scroll of vulnerability {unknown}
 f - 2 scrolls of teleportation {unknown}
 h - 2 scrolls of immolation {unknown}
 n - a scroll of poison {unknown}
 r - a scroll of fear {unknown}
 t - a scroll of magic mapping {unknown}
Potions
 c - a potion of mutation {unknown}
 d - a potion of curing {unknown}
 i - a potion of haste {unknown}
 j - a potion of degeneration {unknown}
 m - 2 potions of flight {unknown}
 o - 2 potions of brilliance {unknown}


   Skills:
 - Level 3.0 Fighting
 + Level 5.8 Axes
 - Level 1.7 Armour
 - Level 1.7 Dodging


You had 4 spell levels left.
You didn't know any spells.
Your spell library was empty.

Dungeon Overview and Level Annotations

Branches:
Dungeon (4/15)             Temple (0/1) D:4

Altars:
Hepliaklqana


Innate Abilities, Weirdness & Mutations

You have large cloven feet.
You regenerate magic rapidly.


Message History

You kick the scorpion, but do no damage.
The scorpion is severely wounded.
You feel sick. The scorpion stings you.
The scorpion stings you but does no damage.
You take 3 damage, and have 15/41 hp.
You closely miss the scorpion.
You kick the scorpion, but do no damage.
You punch the scorpion, but do no damage.
The scorpion is severely wounded.
You feel sick. The scorpion misses you.
You take 2 damage, and have 13/41 hp.
You completely miss the scorpion.
The scorpion is severely wounded.
You feel sick. The scorpion barely misses you.
You take 2 damage, and have 11/41 hp.
A red film seems to cover your vision as you go berserk!
You feel yourself moving faster!
You feel mighty!
You feel sick. The scorpion stings you.
* * * LOW HITPOINT WARNING * * *
You now have 12/61 hp.
You hit the scorpion. You kick the scorpion.
The scorpion is almost dead.
You feel sick. The scorpion stings you.
* * * LOW HITPOINT WARNING * * *
You are lethally poisoned!
The scorpion poisons you!
You take 6 damage, and have 6/61 hp.
You hit the scorpion.
You kill the scorpion!
Trog accepts your kill.
* * * LOW HITPOINT WARNING * * *
You feel very sick.
You take 3 damage, and have 3/61 hp.
Okay, then.
There is a lethal amount of poison in your body!
* * * LOW HITPOINT WARNING * * *
You feel sick.
You take 1 damage, and have 2/61 hp.
You feel a strong urge to attack something.
You die...

## #. ### ....#
.# #.#.#
...##.#.##
.......#####
#........# #@.#
#.#
#.#..###.#####
#..?.........#
.......####.###.#
#####.## #.# #.#
#. #.###.# #.
#.#...#### #.
#......#>
##...#...


There were no monsters in sight!

Vanquished Creatures
  A scorpion (D:4)
  An orc priest (D:4)
  A hound (D:3)
  A sleepcap (D:4)
  2 dart slugs
  3 orcs (D:3)
  2 ball pythons
  6 endoplasms
  2 giant cockroaches
  3 goblins
  8 hobgoblins
  4 quokkas
  7 bats
  2 frilled lizards
  4 kobolds
  5 rats
52 creatures vanquished.

Notes
Turn   | Place    | Note
-------+----------+-------------------------------------------
     0 | D:1      | Dirtsage the Demonspawn Berserker began the quest for the
                  | Orb.
     0 | D:1      | Reached XP level 1. HP: 18/18 MP: 1/1
    45 | D:1      | Reached skill level 3 in Axes
   266 | D:1      | Gained mutation: You have large cloven feet. [demonic
                  | ancestry]
   266 | D:1      | Reached XP level 2. HP: 22/24 MP: 2/2
  1238 | D:2      | Reached XP level 3. HP: 23/29 MP: 3/3
  1784 | D:3      | Reached skill level 4 in Axes
  1873 | D:3      | Reached XP level 4. HP: 33/35 MP: 4/4
  1913 | D:3      | Found a hazy altar of Hepliaklqana.
  2054 | D:3      | Reached ** piety under Trog
  2697 | D:4      | Found a staircase to the Ecumenical Temple.
  2711 | D:4      | Reached skill level 5 in Axes
  2712 | D:4      | Gained mutation: You regenerate magic rapidly. [demonic
                  | ancestry]
  2712 | D:4      | Reached XP level 5. HP: 20/41 MP: 5/5
  2852 | D:4      | HP: 3/61 [poisoned by a scorpion]
  2854 | D:4      | Succumbed to a scorpion's poison

Illustrated notes

Levels and vault maps discovered:
D:1:      roderic_crossed_star, layout_basic
D:2:      cheibrodos_helix_gallery, layout_basic
D:3:      layout_basic, mainiacjoe_overflow_paths, minmay_quadrilaterals
D:4:      minmay_polygon_palace, layout_loops_ring, nicolae_overflow_squiral,
          minmay_temple_entry_proselytizer

Skill      XL: |  1  2  3  4 |
---------------+-------------+-----
Axes           | 3 4 5 |  5.8
Fighting       | |  3.0
Armour         | |  1.7
Dodging        | |  1.7

Action                     |  1- 3 |  4- 6 || total
---------------------------+-------+-------++-------
  Melee: Hand axe          |    90 |    65 ||   155
         Punch             |     1 |     1 ||     2
         Kick              |    15 |    16 ||    31
 Invoke: Berserk           |     2 |     2 ||     4
   Stab: Sleeping          |     2 |       ||     2
 Armour: Animal skin       |    12 |       ||    12
         Ring mail         |    13 |    20 ||    33
  Dodge: Dodged            |    47 |    42 ||    89

Table legend: (Time is in decaauts)
 A = Elapsed time spent in this place.
 B = Non-inter-level travel time spent in this place.
 C = Inter-level travel time spent in this place.
 D = Time resting spent in this place.
 E = Time spent auto-exploring this place.
 F = Levels seen in this place.
 G = Mean time per level.
                   A        B        C        D        E       F      G
               +--------+--------+--------+--------+--------+-----+--------+
         Total |   2899 |   2860 |     39 |    346 |   2150 |   4 |  724.8 |
       Dungeon |   2899 |   2860 |     39 |    346 |   2150 |   4 |  724.8 |
               +--------+--------+--------+--------+--------+-----+--------+

Top non-repeatable levels by time:
     D:1: 1119 daAuts
     D:3: 949 daAuts
     D:2: 656 daAuts
     D:4: 174 daAuts
